 Dungeon Crawl Stone Soup version 0.17-a0-1020-ge683cc4 (webtiles) character file.

238 Herrn the Changer (level 6, -2/61 HPs)
             Began as an Octopode Transmuter on May 16, 2015.
             Slain by a water moccasin (6 damage)
             ... on level 4 of the Dungeon.
             The game lasted 00:09:12 (3791 turns).

Herrn the Changer (Octopode Transmuter)             Turns: 3791, Time: 00:09:13

Health: -2/61      AC:  1    Str: 14    XL:     6   Next: 7%
Magic:  9/9        EV: 13    Int: 17    God:
Gold:   177        SH:  0    Dex: 13    Spells: 3 memorised, 1 level left

rFire  + . .     SeeInvis .       - Unarmed
rCold  + . .     Clarity  .     (no shield)
rNeg   . . .     SustAb   .     (helmet restricted)
rPois  +         Gourm    .     d - amulet of resist mutation
rElec  +         Spirit   .     (no ring)
rCorr  +         Warding  .     (no ring)
rMut   +         Stasis   .     (no ring)
MR     .....                    (no ring)
Stlth  ..........               (no ring)
                                (no ring)
                                (no ring)
                                (no ring)

@: berserking, lethally poisoned (-2 -> -14), appendage, resistant, flying, very
quick, not resistant to hostile enchantments, extremely unstealthy
A: almost no armour, amphibious, 8 rings, constrict 8, tentacle spike 3,
camouflage 1, gelatinous body 1
a: End Transformation


You were on level 4 of the Dungeon.
You were not hungry.
One of your tentacles had a temporary spike.
You visited 1 branch of the dungeon, and saw 4 of its levels.

You collected 177 gold pieces.

Inventory:

Missiles
 a - 50 arrows
 o - 11 arrows of flame
Jewellery
 d - an amulet of resist mutation (around mantle)
Scrolls
 e - 2 scrolls of remove curse
 h - a scroll of random uselessness
 k - 3 scrolls of teleportation
 l - 2 scrolls of enchant armour
 q - a scroll of recharging
 u - a scroll of magic mapping
Potions
 i - a potion of curing
 t - a potion of invisibility {unknown}
Books
 b - a book of Changes

   Spells                             Type                      Level
   a - Beastly Appendage              Transmutation                1
   b - Sticks to Snakes               Transmutation                2
   c - Spider Form                    Transmutation/Poison         3
   d - Ice Form                       Ice/Transmutation            4
   e - Blade Hands                    Transmutation                5
Comestibles
 c - 2 bread rations
 g - a chunk of flesh
 j - 4 beef jerkies
 m - 2 meat rations
 p - 2 fruits


   Skills:
 + Level 2.8 Fighting
 + Level 2.8 Dodging
 + Level 3.4 Unarmed Combat
 - Level 2.0 Spellcasting
 + Level 4.6 Transmutations


You had one spell level left.
You knew the following spells:

 Your Spells              Type           Power        Failure   Level  Hunger
a - Beastly Appendage     Trmt           ###...       2%          1    #......
b - Spider Form           Trmt/Pois      #.........   24%         3    ###....
c - Ice Form              Ice/Trmt       #.......     82%         4    #####..


Dungeon Overview and Level Annotations

Branches:
Dungeon (4/15)
 Temple: D:4-7

Altars:
Elyvilon
Qazlal

Shops:
D:4 *


Innate Abilities, Weirdness & Mutations

You cannot wear most types of armour.
You are amphibious.
You can wear up to eight rings at the same time.
You can use your tentacles to constrict eight enemies at once.
Your skin changes colour to match your surroundings (Stealth).
Your rubbery body absorbs attacks (AC +1).
One of your tentacles bears a large vicious spike.


Message History

A red film seems to cover your vision as you go berserk!
You feel yourself moving faster!
You feel mighty!
You constrict the water moccasin.
* * * LOW HITPOINT WARNING * * *
You feel sick. The water moccasin closely misses you.
You are too berserk!
Unknown command.
You are too berserk!
You barely miss the water moccasin.
The water moccasin is moderately wounded.
You constrict the water moccasin.
* * * LOW HITPOINT WARNING * * *
You feel sick. The water moccasin closely misses you.
You tentacle-slap the water moccasin.
You pierce the water moccasin!
You squeeze the water moccasin!
The water moccasin is almost dead.
You constrict the water moccasin.
* * * LOW HITPOINT WARNING * * *
You feel sick. The water moccasin bites you.
You die...

*,,***,,,,** **,,*,*
**,,,*,,,,* ##,,**,#
***,,,,,,** **#.,***.#
***,,,,,,* **,..,**#.#
,,,,,,,,,***,,,.###..##
,,,*****,,,#####......##
,,** *,,,#...#.......#
,** *,,,+.∩SS.......# ,*
**,***,,S#@..#...# ,*
*,,* ****#.....#.# ,*
*,,* ##.....#* ** **,**
###...# ******,,* ##..#
*,,,,,,,* ###...#
,,,,,*,,** ##..####
,*****#.,* ##..## ,,*
#..** ##..##


You could see 2 water moccasins.

Vanquished Creatures
  An orc wizard (D:3)
  An orc priest (D:3)
  10 adders
  3 gnolls (D:2)
  2 oozes
  A worm (D:2)
  2 giant geckos
  3 orcs (D:3)
  4 giant cockroaches
  5 goblins
  6 hobgoblins
  A jackal (D:3)
  5 kobolds
  A quokka (D:3)
  A ball python (D:4)
  5 bats
  3 giant newts
  5 rats
59 creatures vanquished.

Notes
Turn   | Place    | Note
--------------------------------------------------------------
     0 | D:1      | Herrn the Octopode Transmuter began the quest for the Orb.
     0 | D:1      | Reached XP level 1. HP: 13/13 MP: 3/3
   234 | D:1      | Reached XP level 2. HP: 9/18 MP: 5/5
   999 | D:2      | Reached XP level 3. HP: 21/23 MP: 6/6
  1010 | D:2      | Learned a level 3 spell: Spider Form
  1056 | D:2      | Found a white marble altar of Elyvilon.
  1843 | D:2      | Reached XP level 4. HP: 14/29 MP: 3/7
  2226 | D:2      | Found a stormy altar of Qazlal.
  2300 | D:2      | Reached skill level 4 in Transmutations
  2746 | D:3      | Reached XP level 5. HP: 25/34 MP: 6/8
  3451 | D:3      | Reached XP level 6. HP: 41/41 MP: 2/9
  3519 | D:3      | Learned a level 4 spell: Ice Form
  3780 | D:4      | Found Zifos's Serpentskin Sales.
  3780 | D:4      | Noticed a water moccasin
  3780 | D:4      | Noticed a water moccasin
  3791 | D:4      | Slain by a water moccasin

Vault maps used:
D:1:      dpeg_arrival_connections
D:2:      elyvilon_altar_3, serial_glass, glass_columns_b, glass_columns_b,
          first_bread, grunt_qazlal_sundering
D:4:      serial_shops, shop_coins, gup_ossuary_entry_pyramid,
          guppyfry_shop_venom

Action                   |  1- 3 |  4- 6 || total
-------------------------+-------+-------++-------
Melee: Unarmed           |    64 |    89 ||   153
 Cast: Beastly Appendage |     7 |     7 ||    14
       Spider Form       |     2 |     7 ||     9
  Use: Potion            |       |     5 ||     5
       Scroll            |       |     7 ||     7
 Stab: Sleeping          |     9 |     2 ||    11
  Eat: Chunk             |     2 |     7 ||     9
       Pizza             |       |     1 ||     1
